← All builds
Geo / Armada / Economy first / OBSERVED BUILD

Standard geo

Armada Geo build order · Supreme Isthmus

Standard Geo economy into T2 constructor and Starlight/Jaguar units sent to front as usual, with support built for teammates along the way.

Usually blows up the commander for T2 (72%)

#eco #t2 #team support · 1325 distinct matches · 234 players · 55% of Armada Geo games · team won 55% of 1545 · Recently observed

HOW TO PLAY IT

Key timing: T2 constructor by 4:55

  1. Open 2 mex and wind, then Bot Lab by 0:35.
  2. Rush geothermal powerplant to fund T2 ahead of other roles.
  3. Get T2 constructor out to start building T2 units.
  4. Add Vehicle Plant and Advanced Geothermal for the T2 push.
  5. Fly first Starlight to front with a transport from Air.

Phase by phase

TYPICAL OF ITS 1325 GAMES
  1. 1
  2. 2
  3. 3
  4. 4
PLAY THE OPENING

Follow the example game's first 6:00 step by step: what to build now, what comes next, and where it goes. At 1× it keeps pace with your own game.

  1. 1

    Up to the Bot Lab

    Economy
    • Metal Extractor3Mex
    • Wind Turbine4Wind
    Order
    1. Bot LabBot Lab after 3 mex, 4 winddone ~1:12, middle half 0:58–1:21

    By 0:55 in all: 3 mex · 4 wind

    The example game in this phase · 6 steps
    1. Mex ×2
    2. Wind ×2
    3. Mex
    4. Wind ×2
    5. Energy storage
    6. Bot LabBot Labdone 1:34 · typical 1:12
  2. 2

    Bot Lab to 5:00

    Economy
    • Metal Extractor2Mex
    • Wind Turbine3Wind
    • Energy Converter8Converter
    • Energy Storage1Energy storage
    Order
    1. Geothermal PowerplantGeo after 4 mex, 5 wind, 1 energy storage
    2. Bot LabEat Bot Lab
    Builders
    • Construction Turret5 Con turret
    • Lazarus4 Lazarus
    • Construction Bot2 Con bot
    • Construction Bot1 Con bot for allies
    • Lazarus1 Lazarus for allies

    By 5:00 in all: 4 mex · 7 wind · 1 geo · 8 converter · 1 energy storage · 5 con turret

    The example game in this phase · 14 steps
    1. LazarusLazarus ×2
    2. Construction BotCon botfor Suicide front
    3. Construction BotCon bot ×2
    4. LazarusLazarus
    5. LazarusLazarusfor Beach sea
    6. Geothermal PowerplantGeodone 3:52 · typical 3:29
    7. Mex
    8. LazarusLazarus ×2
    9. Con turret ×3
    10. Bot LabEat Bot Labreclaimed for its metal
    11. Con turret ×2
    12. Converter ×2
    13. Con turret
    14. Converter ×2
  3. 3

    5:00 to Vehicle Plant

    Order
    1. Advanced Geothermal PowerplantAdvanced Geothermal Powerplant after 8 wind, 10 converter, 6 con turretin 57% of games
    2. Vehicle PlantVehicle Plant after 9 wind, 10 converter, 6 con turretdone ~7:06, middle half 6:39–7:32

    Some games also: con turret (49%) · converter (49%) · wind (41%)

    By 6:56 in all: 4 mex · 9 wind · 1 geo · 1 Advanced Geothermal Powerplant · 10 converter · 1 energy storage

    The example game in this phase · 11 steps
    1. Converter
    2. Con turret
    3. Converter ×10
    4. Energy storage ×2
    5. Converter ×2
    6. Advanced Metal ExtractorT2 mex ×3done 6:32 · typical 5:38
    7. Converter ×4
    8. Advanced Geothermal PowerplantAdvanced Geothermal Powerplantdone 7:36 · typical 7:10
    9. Converter ×3
    10. Advanced Metal ExtractorT2 mex
    11. Vehicle PlantVehicle Plantdone 7:41 · typical 7:06
  4. 4

    Vehicle Plant to 10:00

    Economy
    • Wind Turbine5Wind
    • Energy Converter4Converter
    Order
    1. Advanced Vehicle PlantAdvanced Vehicle Plant after 10 wind, 11 converter, 6 con turret
    2. Vehicle PlantEat Vehicle Plant
    Builders
    • Construction Vehicle1 Con vehicle
    • Advanced Construction Vehicle1 T2 con vehicle for allies
    Army
    • Starlight2 Starlight
    • Umbra1 Jammer
    • Prophet1 Radar vehicle

    Some games also: con turret (48%) · Jaguar (36%)

    By 10:00 in all: 4 mex · 18 wind · 1 geo · 1 Advanced Geothermal Powerplant · 16 converter · 1 energy storage

    The example game in this phase · 85 steps
    1. Converter
    2. Construction VehicleCon vehicle
    3. Converter ×3
    4. Advanced Vehicle PlantAdvanced Vehicle Plantdone 8:16 · typical 8:01
    5. Converter ×2
    6. Advanced Construction VehicleT2 con vehiclefor Front
    7. Converter ×3
    8. ProphetRadar vehicle
    9. Converter ×2
    10. UmbraJammer
    11. Con turret
    12. Vehicle PlantEat Vehicle Plantreclaimed for its metal
    13. StarlightStarlightdone 9:06 · typical 9:03
    14. Con turret
    15. Wind
    16. Con turret ×2
    17. Converter
    18. Wind
    19. Converter
    20. StarlightStarlightfor Suicide front
    21. Converter
    22. Wind
    23. StarlightStarlight
    24. Converter
    25. Wind
    26. Radar TowerRadar Tower
    27. Converter
    28. Sneaky PeteSneaky Pete
    29. Wind
    30. Converter
    31. StarlightStarlightfor Suicide front
    32. Converter
    33. Wind
    34. Converter
    35. Wind ×2
    36. Converter
    37. JaguarJaguar ×2
    38. Converter
    39. Wind
    40. JaguarJaguar
    41. Converter
    42. JaguarJaguar
    43. Wind
    44. Converter
    45. JaguarJaguar
    46. Converter
    47. Wind
    48. ShredderShredderdone 10:54
    49. Wind
    50. Converter
    51. Wind
    52. ShredderShredder
    53. Converter
    54. Wind
    55. ShredderShredder
    56. Converter
    57. Wind ×2
    58. GremlinStealth tank
    59. Converter
    60. GremlinStealth tank
    61. Converter
    62. Wind ×2
    63. GremlinStealth tank
    64. Converter
    65. Wind
    66. GremlinStealth tank
    67. Converter
    68. GremlinStealth tank
    69. Wind
    70. Converter
    71. Advanced Construction VehicleT2 con vehicle
    72. Wind
    73. Converter
    74. Wind
    75. StarlightStarlight
    76. Wind
    77. Converter
    78. Wind ×14
    79. Mex
    80. Wind ×4
    81. Geothermal PowerplantGeonot finished by 15:00
    82. Mex
    83. Wind ×3
    84. Mex
    85. Wind ×4

Counts are medians over the build's games: half of them build more, half fewer. The example game is VeryCool's (31 OS, 13/10/2026); pick another.

Team trades

IN AT LEAST 30% OF ITS GAMES

You hand over

  • Lazarus1 Lazarus to Beach seafirst at 2:17 · in 75% of games
  • Construction Bot1 Con bot to Beach seafirst at 2:27 · in 87% of games
  • Advanced Construction Vehicle1 T2 con vehicle to Suicide front or Frontfirst at 8:47 · in 63% of games

You get

  • Advanced Construction Bot1 T2 con bot from Techfirst at 4:52 · in 94% of games

How it plays out

Typical game of this build, running totals by minute

Metal produced

020k40k
0:005:0010:0015:00

metal

Enemy metal destroyed

05k10k15k
0:005:0010:0015:00

metal

Own metal lost

02k4k6k
0:005:0010:0015:00

metal

1545 games.

Show as table
ByMetal produced: This buildEnemy metal destroyed: This buildOwn metal lost: This build
1:0033300
2:0085900
3:00152700
4:00267000
5:00369400
6:00563600
7:00802500
8:001134700
9:00144064384
10:0017275472194
11:00201231745520
12:002298936181605
13:002573358722970
14:002858682454420
15:0031355102015586
WHAT THE NUMBERS SAY

Standard Geo play wins about half its games while destroying the most enemy metal by 15:00 among the roles shown here.

  • + Enemy metal destroyed jumps to 10560 by 15:00, highest of all six builds.
  • + Starlight makes up 34% of army, delivering the long-range T2 push.
  • − Own metal lost reaches 5977 by 15:00 from the aggressive T2 push.
  • − First Starlight only arrives in 60% of games, a late or inconsistent push.
THE EXAMPLE YOU ARE READING

VeryCool

30.8 OS · 13/10/2026

Open source match ↗

39 received units · includes a constructor
2526 metal received · 121092 energy received

Allied construction assistance is unknown. Timings are observations, not a promise of solo reproducibility.

Typical milestones

Bot Lab1:12Middle 50%: 0:58–1:21 · n=1544
Geothermal Powerplant3:29Middle 50%: 3:13–3:47 · n=1536
Advanced Metal Extractor5:38Middle 50%: 5:21–6:01 · n=1536
Vehicle Plant7:06Middle 50%: 6:39–7:32 · n=1493
Advanced Geothermal Powerplant7:10Middle 50%: 6:51–7:42 · n=1118
Advanced Vehicle Plant8:01Middle 50%: 7:40–8:33 · n=1428
Starlight9:03Middle 50%: 8:32–9:46 · n=1290

Played most by

0neTw0120games of this buildzeus_on_god118games of this buildXad53games of this buildTheGeneraI46games of this buildViltrum41games of this build